 Dungeon Crawl Stone Soup version 0.32-a0-314-g526f7d4993 (webtiles) character file.

Game seed: 7621057979834754604

284 Ceno the Grasshopper (level 6, -1/51 HPs)
             Began as an Armataur Warper on Feb 15, 2024.
             Slain by a sleepcap (4 damage)
             ... on level 4 of the Dungeon.
             The game lasted 00:08:15 (3707 turns).

Ceno the Grasshopper (Armataur Warper)              Turns: 3707, Time: 00:08:16

Health: -1/51      AC:  5    Str: 17    XL:     6   Next: 7%
Magic:  8/8        EV:  8    Int: 13    God:
Gold:   145        SH:  0    Dex: 11    Spells: 6/8 levels left

rFire   + . .        a - +0 falchion
rCold   + . .        (no shield)
rNeg    . . .        i - +0 ring mail
rPois   +            (no helmet)
rElec   .            w - scarf {rC+ rF+}
rCorr   .            (no gloves)
SInv    .            (no barding)
Will    +....        (no amulet)
Stlth   +            y - ring of willpower
HPRegen 0.28/turn    t - ring of poison resistance
MPRegen 0.11/turn

%: roll
@: no status effects
A: large, deformed body, tough skin 3, armoured tail, roll 1
a: no special abilities


You were on level 4 of the Dungeon.
You visited 1 branch of the dungeon, and saw 4 of its levels.

You collected 145 gold pieces.

Inventory:

Hand Weapons
 a - a +0 falchion (weapon)
Missiles
 b - 31 stones (quivered)
 d - 7 darts of dispersal
 e - 3 javelins
Armour
 i - a +0 ring mail (worn)
 r - a +0 tower shield
 w - a scarf of resistance (worn)
Jewellery
 h - a ring of wizardry
 k - a +6 ring of strength
 t - a ring of poison resistance (right hand)
 y - a ring of willpower (left hand)
Scrolls
 c - a scroll of blinking
 j - a scroll of noise {unknown}
 l - a scroll of revelation
 m - a scroll of identify {unknown}
 o - 2 scrolls of fear
 p - a scroll of enchant weapon {unknown}
 v - 2 scrolls of immolation
 z - a scroll of enchant armour {unknown}
Potions
 f - a potion of curing {unknown}
 g - a potion of invisibility {unknown}
 n - a potion of enlightenment {unknown}
 q - a potion of cancellation {unknown}
 s - a potion of brilliance {unknown}
 u - a potion of magic {unknown}
 x - a potion of attraction {unknown}


   Skills:
 + Level 3.2 Fighting
 + Level 3.2 Long Blades
 - Level 0.8 Throwing
 - Level 1.2 Armour
 - Level 1.3 Dodging
 - Level 1.7 Spellcasting
 + Level 4.4 Translocations
 + Level 2.2 Air Magic


You had 6 spell levels left.
You knew the following spells:

 Your Spells              Type           Power      Damage    Failure   Level
a - Blink                 Tloc           24%        N/A       12%         2

Your spell library contained the following spells:

 Spells                   Type           Power      Damage    Failure   Level
 Lesser Beckoning         Tloc           24%        N/A       12%         2
 Teleport Other           Tloc           12%        N/A       24%         3
 Cigotuvi's Dreadful Rot  Necr/Alch/Air  6%         N/A       47%         2
 Manifold Assault         Tloc           12%        N/A       61%         4
 Vhi's Electric Charge    Tloc/Air       18%        N/A       77%         4
 Dispel Undead            Necr           1%         3d6       99%         4
 Death's Door             Necr           0%         N/A       100%        9


Dungeon Overview and Level Annotations

Branches:
Dungeon (4/15)
 Temple: D:4-7

Altars:


Innate Abilities, Weirdness & Mutations

Armour fits poorly on your strangely shaped body.
You have extremely tough skin. (AC +3)
You have a long armoured tail.
You regenerate magic when rolling toward enemies. (Rampage MPRegen)


Message History

The sleepcap is moderately damaged.
The sleepcap barely misses you.
You hit the sleepcap. You tail-slap the sleepcap.
The sleepcap is heavily damaged.
The sleepcap closely misses you.
You hit the sleepcap but do no damage.
The sleepcap is heavily damaged.
The sleepcap releases spores at you.
You are engulfed in a cloud of soporific spores!
You fall asleep.
The sleepcap releases spores at you!
You wake up.
You are too injured to fight recklessly!
You are too injured to fight recklessly!
You are too injured to fight recklessly!
You slash the sleepcap!
The sleepcap is severely damaged.
The sleepcap releases spores at you.
You are engulfed in a cloud of soporific spores!
You are unaffected.
You hit the sleepcap.
The sleepcap is almost destroyed.
The sleepcap releases spores at you but does no damage.
You hit the sleepcap but do no damage.
The sleepcap is almost destroyed.
The sleepcap barely misses you.
You hit the sleepcap but do no damage.
The sleepcap is almost destroyed.
The sleepcap releases spores at you. x2
You are engulfed in a cloud of soporific spores!
You fall asleep.
The sleepcap completely misses you. x2
The sleepcap releases spores at you!
You wake up.
* * * LOW HITPOINT WARNING * * *
You are engulfed in a cloud of soporific spores!
You are unaffected.
You hit the sleepcap but do no damage.
You tail-slap the sleepcap, but do no damage.
The sleepcap is almost destroyed.
The sleepcap releases spores at you.
You die...

.......# #f......#...#####.#
.......# #.h.....#.........#
.......# #.......#..########
.......# #.......#..#
.......###.......#..#######*****
.........oh..#####.........,,,,*
.......####### #..#######***,*
...####.##########.........,,*,*
.,,* #........f@...#.#.#.#***,*
,,,***#.###########.#.#.#.###*,**
,,,+,....,,,,,,,,,#..........,,,,
,,,*###.#********,###.#.#.###*,**
*+** #.# *,* #.#.#.# *** *** #.#
*,* #.#.#.# #.#********,* #.#.#.#
#.,,,,,,,,,,* #.....#
************* ###.###


You could see a sleepcap.

Vanquished Creatures
  An orc priest (D:4)
  A hound (D:3)
  Jessica (D:2)
  An orc wizard (D:3)
  3 adders
  3 gnolls
  2 dart slugs (D:1)
  2 ribbon worms (D:2)
  5 orcs
  3 ball pythons
  A bat (D:2)
  5 endoplasms
  A giant cockroach (D:3)
  6 hobgoblins
  2 jackals (D:4)
  4 kobolds
  2 quokkas
  6 frilled lizards
  10 goblins
  5 rats
64 creatures vanquished.

Notes
Turn   | Place    | Note
-------+----------+-------------------------------------------
     0 | D:1      | Ceno the Armataur Warper began the quest for the Orb.
     0 | D:1      | Reached XP level 1. HP: 17/17 MP: 3/3
    43 | D:1      | Reached XP level 2. HP: 9/24 MP: 4/4
    46 | D:1      | Learned a level 2 spell: Blink
   376 | D:1      | Reached XP level 3. HP: 25/29 MP: 5/5
  1257 | D:2      | Noticed Jessica
  1269 | D:2      | Killed Jessica
  1270 | D:2      | Reached skill level 1 in Air Magic
  1270 | D:2      | Reached XP level 4. HP: 24/37 MP: 6/6
  1634 | D:2      | Got Rirru's Catalogue of Blustery Rot
  2279 | D:3      | Reached skill level 4 in Translocations
  2294 | D:3      | Reached XP level 5. HP: 16/42 MP: 7/7
  3516 | D:4      | Reached XP level 6. HP: 51/51 MP: 8/8
  3706 | D:4      | HP: 2/51 [sleepcap (17)]
  3707 | D:4      | Slain by a sleepcap

Illustrated notes

Levels and vault maps discovered:
D:1:      mainiacjoe_arrival_oval_in_oval, layout_basic,
          chequers_serial_rivers_large_b, minmay_misc_feat_plants,
          hangedman_glass_garden
D:2:      layout_basic, uniq_jessica
D:3:      layout_basic
D:4:      old_forge, layout_basic, minmay_misc_feat_secret_circle

Skill      XL: |  1  2  3  4  5 |
---------------+----------------+-----
Fighting       | 2 3 |  3.2
Long Blades    | 2 3 |  3.2
Air Magic      | 1 2 |  2.2
Translocations | 4 |  4.4
Throwing       | |  0.8
Armour         | |  1.2
Dodging        | |  1.3
Spellcasting   | |  1.7

Action                     |  1- 3 |  4- 6 || total
---------------------------+-------+-------++-------
  Melee: Falchion          |    79 |   151 ||   230
         Tailslap          |     8 |    23 ||    31
    Use: Scroll            |       |     3 ||     3
 Armour: Leather armour    |    15 |       ||    15
         Ring mail         |    41 |   126 ||   167
  Dodge: Dodged            |    24 |    71 ||    95

Table legend: (Time is in decaauts)
 A = Elapsed time spent in this place.
 B = Non-inter-level travel time spent in this place.
 C = Inter-level travel time spent in this place.
 D = Time resting spent in this place.
 E = Time spent auto-exploring this place.
 F = Levels seen in this place.
 G = Mean time per level.
                   A        B        C        D        E       F      G
               +--------+--------+--------+--------+--------+-----+--------+
         Total |   3748 |   3622 |    126 |    524 |   1947 |   4 |  937.0 |
       Dungeon |   3748 |   3622 |    126 |    524 |   1947 |   4 |  937.0 |
               +--------+--------+--------+--------+--------+-----+--------+

Top non-repeatable levels by time:
     D:3: 1205 daAuts
     D:2: 1156 daAuts
     D:1: 893 daAuts
     D:4: 491 daAuts
